 Dungeon Crawl Stone Soup version 0.31-a0-233-g139696dc86 (console) character file.

Game seed: 1974761800620246945

172454 jejorda2 the Executioner (level 17, -17/241 HPs)
             Began as a Black Draconian Berserker on July 8, 2023.
             Was a High Priest of Trog.
             Killed from afar by a thorn hunter (23 damage)
             ... with a volley of thorns
             ... on level 4 of the Swamp.
             The game lasted 01:45:22 (36653 turns).

jejorda2 the Executioner (DrBe)                    Turns: 36653, Time: 01:45:23

Health: -17/241    AC: 21    Str: 26    XL:     17   Next: 41%
Magic:  17/17      EV: 15    Int:  8    God:    Trog [*****.]
Gold:   2882       SH:  6    Dex: 18    Spells: 16/16 levels left

rFire   + . .        a - +0 broad axe (heavy)
rCold   + . .        U - +0 buckler {AC+3}
rNeg    . . .        (body armour unavailable)
rPois   +            (helmet restricted)
rElec   +            S - scarf {rC+ rF+}
rCorr   .            c - +2 pair of gloves
SInv    +            Q - +1 pair of boots {rampage}
Will    +....        v - amulet of faith Stlth
                     R - +4 ring of protection
HPRegen 0.60/turn    N - ring "Huxkango" {rPois Dex+6 SInv}
MPRegen 0.15/turn

%: rampage, faith
@: berserking (expiring), grasped by roots, flying, slowed, constricted
A: breathe lightning, AC +9, unfitting armour, big wings, electricity
resistance, cold-blooded
a: Breathe Lightning, Renounce Religion, Berserk, Trog's Hand, Brothers in Arms


You were on level 4 of the Swamp.
You worshipped Trog.
Trog was extremely pleased with you.
You visited 4 branches of the dungeon, and saw 26 of its levels.
You also visited: Gauntlet and Ice Cave.

You collected 3359 gold pieces.
You spent 477 gold pieces at shops.

Inventory:

Hand Weapons
 a - a +0 heavy broad axe (weapon)
 b - a +4 war axe of flaming
 w - a +0 antimagic broad axe
Missiles
 h - 239 stones
 n - 47 poisoned darts
 p - 12 javelins (quivered)
 r - 7 throwing nets
 s - 10 silver javelins
 D - 19 boomerangs
 K - 2 atropa-tipped darts
Armour
 c - a +2 pair of gloves (worn)
 Q - a +1 pair of boots of rampaging (worn)
 S - a scarf of resistance (worn)
 U - a +0 buckler of protection (worn)
Jewellery
 v - an amulet of faith (around neck)
 y - a ring of protection from cold
 N - the ring "Huxkango" (right hand) {rPois Dex+6 SInv}
   (You found it on level 1 of the Swamp)

   [ring of dexterity]

   Dex:       It affects your dexterity (+6).
   rPois:     It protects you from poison.
   SInv:      It lets you see invisible.
 R - a +4 ring of protection (left hand)
 T - a +4 ring of slaying
 V - the ring "Juog" {*Slow Fly rPois rF+++ Will-}
   (You found it in a Gauntlet)

   [ring of flight]

   rF:        It renders you almost immune to fire.
   rPois:     It protects you from poison.
   Fly:       It grants you flight.
   *Slow:     It may slow you when you take damage.
   Will:      It decreases your willpower.
Wands
 g - a wand of acid (30)
 t - a wand of polymorph (19)
 u - a wand of charming (26)
 z - a wand of iceblast (25)
 C - a wand of flame (39)
 E - a wand of mindburst (22)
Scrolls
 d - 4 scrolls of fog
 j - 3 scrolls of butterflies
 k - 12 scrolls of teleportation
 l - 3 scrolls of blinking
 m - 5 scrolls of silence
 B - 5 scrolls of fear
 G - 3 scrolls of poison
 L - a scroll of revelation
 O - 2 scrolls of immolation
Potions
 e - 3 potions of lignification
 f - 7 potions of curing
 i - 2 potions of heal wounds
 o - 4 potions of attraction
 q - 3 potions of haste
 x - 4 potions of mutation
 F - a potion of cancellation
 H - a potion of resistance
 I - 6 potions of might
 J - a potion of invisibility
 P - a potion of ambrosia
Miscellaneous
 A - a phial of floods
 M - a tin of tremorstones (2/2)


   Skills:
 - Level 17.3 Fighting
 - Level 21.1(21.3) Axes
 - Level 4.4(14.6) Maces & Flails
 * Level 14.4 Throwing
 - Level 10.0 Dodging
 - Level 5.3 Shields
 - Level 7.0 Evocations


You had 16 spell levels left.
You didn't know any spells.
Your spell library was empty.

Dungeon Overview and Level Annotations

Branches:
Dungeon (15/15)            Temple (0/1) D:5            Lair (5/5) D:8
  Swamp (4/4) Lair:3       Spider (0/4) Lair:3        Slime (0/5) Lair:4
    Orc (2/2) D:10            Elf (0/3) Orc:2        Vaults (0/5) D:14
 Depths (0/4) D:15          IceCv (visited)         Gauntlet (visited)

Altars:
Gozag
Makhleb
Okawaru
Vehumet
Xom
The Shining One

Shops:
D:10 *   D:13 !=[::   Orc:2 *(([

Portals:
Trove: D:13 (show slimy rune of Zot)


Innate Abilities, Weirdness & Mutations

You can breathe wild blasts of lightning.
Your glossy black scales are hard. (AC +9)
You cannot fit into any form of body armour.
Your large and strong wings let you fly.
You are resistant to electric shocks. (rElec)
You are cold-blooded and may be slowed by cold attacks.


Message History

The thorn hunter hits the briar patch but does no damage.
The spriggan druid gestures at you while chanting.
Fedhas protects a plant from harm. x2
The stone arrow misses you.
You barely miss the shambling mangrove.
The shambling mangrove is moderately damaged.
You block the shambling mangrove's attack.
The thorn hunter fires a volley of thorns at you.
The volley of thorns hits you!
You slice the shambling mangrove like a ripe choko!!!
The shambling mangrove is almost destroyed.
Angry insects surge out from beneath the shambling mangrove's foliage!
The shambling mangrove hits you but does no damage.
The thorn hunter fires a volley of thorns at you.
The volley of thorns hits you!!
* * * LOW HITPOINT WARNING * * *
You barely miss the shambling mangrove. You tail-slap the shambling mangrove!
The shambling mangrove is almost destroyed.
You slice the hornet!!
Roots burst forth from the earth!
The grasping roots grab you! The grasping roots constrict you.
* * * LOW HITPOINT WARNING * * *
The spriggan druid points at you and mumbles some strange words.
Fedhas protects a plant from harm. x2
The stone arrow hits you!!
* * * LOW HITPOINT WARNING * * *
The hornet stings you!
* * * LOW HITPOINT WARNING * * *
You feel yourself slow down.
You chop the shambling mangrove into pieces!!!!
You destroy the shambling mangrove!
Trog accepts your kill.
You closely miss the hornet.
The thorn hunter hits the briar patch.
The thorn hunter hits the briar patch!
The briar patch is destroyed!
The hornet misses you. The grasping roots constrict you!
* * * LOW HITPOINT WARNING * * *
The thorn hunter fires a volley of thorns at you.
The volley of thorns hits you!!
You die...

~....~[.~..~..~.~....§♣♣
~.....~..~~~.~.....~~..♣♣
~.....~.~~..~..~§.......♣
~~...~..~~~.~...)~.....♣♣
~...[[..~♣♣#...###...♣♣♣
...~..~.~♣ ##..###♣♣♣♣
.~♣)♣)~.♣#♣#.~~.#
.~~~.♣.##♣#~.§.y##
.....♣#♣ #..~..y@# ..♣~.#
♣.~.~~.~y.~♣ ..♣♣.#
#~~..~.~.~PP♣ ~~~###
#..♣§.#~~♣.f♣ ♣♣##
#.####♣#♣♣Pi♣ # .. f~.
..~♣ ~~..


You could see a thorn hunter, a shambling mangrove, a spriggan druid and 3
hornets.

Vanquished Creatures
  Rupert (D:14)
  Kirke (Swamp:4)
  3 thorn hunters (Swamp:4)
  A fenstrider witch (Swamp:2)
  3 orc warlords
  A hydra skeleton (Swamp:4)
  2 vampire knights (Swamp:4)
  5 bunyips
  3 eleionomae
  A minotaur (Gauntlet)
  The ghost of Maxmaps the Spear-Bearer, a journeyman DsGl of Gozag (D:10)
  The ghost of olmar the Geomancer, a journeyman DgEE (Orc:2)
  Snorg (D:14)
  3 shambling mangroves
  The ghost of Bunil the Cleaver, a journeyman MiFi of Trog (D:12)
  A great orb of eyes (Gauntlet)
  A fire dragon (D:14)
  3 ghost crabs
  12 hydras
  4 ogre magi
  4 centaur warriors (D:14)
  A catoblepas (Lair:4)
  2 death knights
  2 ironbound frosthearts (IceCv)
  18 alligators
  3 boulder beetles
  2 tengu warriors (D:15)
  19 two-headed ogres
  Urug (Lair:2)
  An orc high priest (D:14)
  7 death yaks
  A spriggan berserker (Swamp:2)
  9 spriggans
  Nergalle (Lair:1)
  3 skysharks
  3 goliath frogs
  2 skeletal warriors
  Lodul (D:10)
  2 flayed ghosts
  2 bog bodies
  3 spriggan druids
  2 spectral hydras (Swamp:4)
  3 wizards
  9 swamp dragons
  3 deep elf pyromancers
  3 orc knights
  14 ugly things
  6 cyclopes
  5 orc sorcerers
  A necromancer (D:15)
  4 manticores
  3 will-o-the-wisps
  2 spectral centaurs (D:12)
  A wolf spider zombie (D:15)
  4 elephants (Lair:5)
  5 black mambas
  An ice statue (IceCv)
  A centaur zombie (D:15)
  A torpor snail (Lair:5)
  A naga mage (D:15)
  23 cane toads
  A minotaur zombie (Gauntlet)
  2 gargoyles
  An unseen horror (D:12)
  2 rime drakes
  3 komodo dragons
  An efreet (D:15)
  3 freezing wraiths
  A redback zombie (D:15)
  3 hydra zombies (Swamp:4)
  3 death drake zombies (Swamp:4)
  10 polar bears
  14 hornets
  A bloated husk (Swamp:2)
  3 meliai (D:15)
  5 trolls
  A polar bear (shapeshifter) (D:13)
  26 blink frogs
  10 tyrant leeches
  Sigmund (D:2)
  3 water elementals (D:15)
  A yak (shapeshifter) (D:13)
  2 shadows
  57 yaks
  7 wraiths
  4 basilisks
  7 wyverns
  7 hogs (Swamp:4)
  3 wargs
  11 vampire mosquitoes
  8 swamp worms
  A harpy simulacrum (D:14)
  18 water moccasins
  An acid dragon (D:13)
  3 hydra simulacra (Swamp:4)
  A sky beast (D:4)
  2 black bears
  9 swamp drakes
  An ice beast (D:6)
  35 orc warriors
  5 swamp dragon zombies (Swamp:4)
  36 ogres
  22 wolves
  13 centaurs
  A phantom (D:4)
  2 kobold brigands
  19 bullfrogs
  2 gnoll sergeants
  A necrophage (D:8)
  9 scorpions
  4 wights (D:7)
  A hornet simulacrum (D:14)
  6 killer bees (D:9)
  7 electric eels
  5 howler monkeys
  6 crimson imps (D:10)
  4 hounds (D:5)
  17 orc priests
  2 iguanas
  4 jellies
  Crazy Yiuf (D:4)
  3 sleepcaps
  Terence (D:3)
  29 orc wizards
  Natasha (thrice) (D:4)
  4 hell rats (Lair:4)
  A hound skeleton (D:8)
  Robin (D:3)
  7 gnolls
  15 adders
  4 shadow imps
  6 white imps
  3 ufetubi
  A worm (D:3)
  3 dart slugs
  80 orcs
  7 endoplasms
  2 giant cockroaches
  12 goblins
  9 hobgoblins
  3 quokkas
  7 ball pythons
  32 bats
  3 frilled lizards
  6 kobolds
  4 rats
  A spectral weapon (Swamp:3)
914 creatures vanquished.

Vanquished Creatures (collateral kills)
  A thorn hunter (Swamp:2)
  A bunyip (Swamp:2)
  An ogre mage (Orc:2)
  A two-headed ogre (Orc:2)
  A shadow wraith (D:12)
  A spriggan druid (Swamp:4)
  A spectral harpy (D:12)
  A hydra simulacrum (Swamp:4)
  2 ogres (Orc:2)
  4 bats (Orc:2)
14 creatures vanquished.

Vanquished Creatures (others)
  A wizard (Gauntlet)
  A deep elf pyromancer (D:12)
  2 ugly things (D:12)
  An unseen horror (D:12)
  A kobold demonologist (D:12)
  3 bloated husks (Swamp:2)
  A water elemental (D:15)
  A swamp worm (Swamp:4)
  An orc warrior (D:12)
  An orc wizard (D:12)
  An orc (D:12)
  16 foxfires
30 creatures vanquished.

Grand Total: 958 creatures vanquished

Notes
Turn   | Place    | Note
-------+----------+-------------------------------------------
     0 | D:1      | jejorda2 the Draconian Berserker began the quest for the
                  | Orb.
     0 | D:1      | Reached XP level 1. HP: 19/19 MP: 1/1
   188 | D:1      | Reached XP level 2. HP: 26/26 MP: 2/2
   197 | D:1      | Found a faded altar of an unknown god.
  1196 | D:2      | Reached XP level 3. HP: 33/33 MP: 3/3
  1198 | D:2      | Reached skill level 4 in Axes
  1275 | D:2      | Noticed Sigmund
  1290 | D:2      | Killed Sigmund
  1291 | D:2      | Reached skill level 5 in Axes
  1291 | D:2      | Reached XP level 4. HP: 41/41 MP: 4/4
  1291 | D:2      | Reached XP level 5. HP: 47/47 MP: 5/5
  1495 | D:2      | Reached ** piety under Trog
  2114 | D:3      | Reached skill level 5 in Fighting
  2186 | D:3      | Reached XP level 6. HP: 46/56 MP: 6/6
  2543 | D:3      | Noticed Terence
  2549 | D:3      | Killed Terence
  2622 | D:3      | Noticed Robin
  2627 | D:3      | Killed Robin
  3001 | D:4      | Found a large runed translucent door.
  3002 | D:4      | Found a large runed translucent door.
  3014 | D:4      | Reached skill level 6 in Axes
  3062 | D:4      | Found a runed translucent door.
  3063 | D:4      | Noticed Crazy Yiuf
  3070 | D:4      | Killed Crazy Yiuf
  3207 | D:4      | Noticed a water moccasin
  3221 | D:4      | Killed a water moccasin
  3282 | D:4      | Your scales start taking on a glossy black colour.
  3282 | D:4      | Reached XP level 7. HP: 62/62 MP: 7/7
  3282 | D:4      | Gained mutation: You are resistant to electric shocks.
                  | (rElec) [Black Draconian growth]
  3288 | D:4      | Reached skill level 7 in Axes
  3541 | D:4      | Noticed Natasha
  3548 | D:4      | Killed Natasha
  4053 | D:4      | Noticed Natasha
  4058 | D:4      | Killed Natasha
  4173 | D:4      | Noticed Natasha
  4178 | D:4      | Killed Natasha
  4226 | D:4      | Found a glowing golden altar of the Shining One.
  4229 | D:4      | Found a shimmering altar of Xom.
  4247 | D:5      | Entered Level 5 of the Dungeon
  4297 | D:5      | Reached skill level 8 in Axes
  4407 | D:5      | Reached *** piety under Trog
  4413 | D:5      | Reached XP level 8. HP: 70/70 MP: 8/8
  4554 | D:5      | Found an opulent altar of Gozag.
  4822 | D:5      | Found a staircase to the Ecumenical Temple.
  4937 | D:5      | Identified the +3 leather armour of Okawaru's Displeasure
                  | {rElec Int+6 Stlth+}
  5024 | D:5      | Reached skill level 9 in Axes
  5487 | D:6      | Reached skill level 5 in Dodging
  5557 | D:6      | Reached skill level 10 in Axes
  5832 | D:6      | Reached XP level 9. HP: 74/75 MP: 9/9
  5945 | D:6      | Reached skill level 15 in Axes
  5945 | D:6      | Reached XP level 10. HP: 83/83 MP: 10/10
  5950 | D:6      | Identified a scroll of acquirement
  5951 | D:6      | Acquired the +4 consecrated labrys {holy, Valiant Fragile
                  | Fly SInv}
  5951 | D:6      | Found the +4 consecrated labrys {holy, Valiant Fragile Fly
                  | SInv}
  6024 | D:7      | Reached **** piety under Trog
  6478 | D:7      | Found an iron altar of Okawaru.
  6660 | D:8      | Paralysed by a hornet for 2 turns
  7335 | D:8      | Found a staircase to the Lair.
  7419 | D:8      | Found a burning altar of Makhleb.
  7603 | D:9      | Noticed a cyclops
  7611 | D:9      | Killed a cyclops
  7788 | D:9      | Reached skill level 16 in Axes
  8078 | D:9      | Reached ***** piety under Trog
  8086 | D:9      | Reached XP level 11. HP: 69/89 MP: 11/11
  8571 | D:10     | Entered Level 10 of the Dungeon
  8579 | D:10     | Reached skill level 1 in Shields
  8895 | D:10     | Found a runed translucent gate.
  8895 | D:10     | Found a runed translucent gate.
  8896 | D:10     | Found a runed translucent gate.
  9012 | D:10     | Noticed Lodul
  9027 | D:10     | Killed Lodul
  9078 | D:10     | Reached skill level 17 in Axes
  9136 | D:10     | Found a radiant altar of Vehumet.
  9263 | D:10     | Found Hadeukh's General Store.
  9271 | D:10     | Bought a scroll of identify for 30 gold pieces
  9271 | D:10     | Bought a scroll of identify for 30 gold pieces
  9396 | D:10     | Noticed Maxmaps's ghost (journeyman DsGl)
  9670 | D:10     | Found a staircase to the Orcish Mines.
  9954 | D:10     | Killed Maxmaps's ghost
 10196 | Lair:1   | Entered Level 1 of the Lair of Beasts
 10227 | Lair:1   | Received a gift from Trog
 10253 | D:8      | Reached skill level 5 in Shields
 10348 | Lair:1   | Reached skill level 18 in Axes
 10348 | Lair:1   | Reached XP level 12. HP: 74/96 MP: 12/12
 10688 | Lair:1   | Noticed Nergalle
 10706 | Lair:1   | Killed Nergalle
 12178 | Lair:2   | Noticed Urug
 12201 | Lair:2   | Killed Urug
 12989 | Lair:3   | Noticed a seven-headed hydra
 12996 | Lair:3   | Killed a 12-headed hydra
 13101 | Lair:3   | Found a hole to the Spider Nest.
 13184 | Lair:3   | Received a gift from Trog
 13221 | Lair:3   | Found a staircase to the Swamp.
 13673 | Lair:4   | Reached skill level 19 in Axes
 14050 | Lair:4   | Noticed a catoblepas
 14061 | Lair:4   | Killed a catoblepas
 14233 | Lair:4   | Reached XP level 13. HP: 113/113 MP: 13/13
 14293 | Lair:4   | Reached skill level 10 in Fighting
 14471 | Lair:4   | Identified the +0 orcbow of the Hurling Tiger {heavy, rF-
                  | Dex+8 SInv}
 14556 | Lair:4   | Found a staircase to the Slime Pits.
 14898 | Lair:5   | Entered Level 5 of the Lair of Beasts
 15021 | Lair:5   | Reached skill level 1 in Throwing
 15565 | Lair:5   | Reached skill level 20 in Axes
 15897 | Lair:5   | Reached skill level 5 in Throwing
 16156 | Lair:5   | Received a gift from Trog
 16272 | Lair:5   | Found the +8 storm bow {elec, penet}
 16971 | D:11     | Found a frozen archway.
 16990 | IceCv    | Entered an ice cave
 17132 | IceCv    | Gained mutation: Your large and strong wings let you fly.
                  | [Black Draconian growth]
 17132 | IceCv    | Reached XP level 14. HP: 121/121 MP: 14/14
 17700 | IceCv    | Identified the +7 quarterstaff of Vuegrat {heavy, *Slow
                  | rElec rCorr}
 17824 | IceCv    | Received a gift from Trog
 19522 | D:12     | Found a transporter.
 19555 | D:12     | Found a gate leading to a gauntlet.
 19575 | Gauntlet | Entered a Gauntlet
 19575 | Gauntlet | Found a transporter.
 19623 | Gauntlet | Found a transporter.
 19641 | Gauntlet | Found a transporter.
 19644 | Gauntlet | Found a transporter.
 19665 | Gauntlet | Found a transporter.
 19678 | Gauntlet | Found a transporter.
 19692 | Gauntlet | Found a transporter.
 19717 | Gauntlet | Found a transporter.
 19721 | Gauntlet | Found a transporter.
 19726 | Gauntlet | Found a transporter.
 19759 | Gauntlet | Found a transporter.
 19759 | Gauntlet | Found a transporter.
 19835 | Gauntlet | Identified the ring "Juog" {*Slow Fly rPois rF+++ Will-}
 20033 | Gauntlet | Identified the +9 rapier of the Secret Youths {spect,
                  | Int+2}
 20174 | D:12     | Found a shimmering altar of Xom.
 20209 | D:12     | Found a transporter.
 20211 | D:12     | Noticed Bunil's ghost (journeyman MiFi)
 21161 | D:12     | Reached skill level 10 in Dodging
 21169 | D:12     | Killed Bunil's ghost
 21409 | D:13     | Found Xoptak's Jewellery Shoppe.
 21570 | D:13     | Found Garruini's Armour Shop.
 21592 | D:13     | Found Soerr's Book Boutique.
 21593 | D:13     | Found a portal to a secret trove of treasure.
 21700 | D:13     | Found a glowing golden altar of the Shining One.
 21852 | D:13     | Found Cuv Solex's Distillery.
 21881 | D:13     | Found Oredymex's Book Emporium.
 21897 | D:13     | Received a gift from Trog
 22819 | D:13     | Reached XP level 15. HP: 73/135 MP: 15/15
 23120 | D:14     | Noticed Snorg
 23129 | D:14     | Killed Snorg
 23532 | D:14     | Found a gate to the Vaults.
 23716 | D:14     | Reached skill level 15 in Fighting
 24157 | D:14     | Noticed Rupert
 24166 | D:14     | Killed Rupert
 24167 | D:14     | Reached skill level 10 in Throwing
 24723 | D:15     | Entered Level 15 of the Dungeon
 24857 | D:15     | Reached ****** piety under Trog
 25255 | D:15     | Received a gift from Trog
 25558 | D:15     | Found a staircase to the Depths.
 26130 | Orc:1    | Entered Level 1 of the Orcish Mines
 26263 | Orc:1    | Reached skill level 1 in Evocations
 26663 | Orc:1    | You are sucked into a shaft and drop 1 floor!
 26663 | Orc:2    | Entered Level 2 of the Orcish Mines
 26934 | Orc:2    | Received a gift from Trog
 27394 | Orc:2    | Found a runed translucent door.
 27396 | Orc:2    | Noticed olmar's ghost (journeyman DgEE)
 27414 | Orc:2    | Killed olmar's ghost
 27681 | Orc:2    | Found a staircase to the Elven Halls.
 27711 | Orc:2    | Reached XP level 16. HP: 155/155 MP: 16/16
 27725 | Orc:2    | Found Fiofrure's Weapon Boutique.
 27725 | Orc:2    | Found Okhledydd's Assorted Antiques.
 27728 | Orc:2    | Received a gift from Trog
 27733 | Orc:2    | Found Jenkor's Antique Armour Emporium.
 27733 | Orc:2    | Found Biegef's Weapon Boutique.
 27738 | Orc:2    | Paralysed by something for 4 turns
 27748 | Orc:2    | Reached skill level 5 in Evocations
 28222 | Orc:2    | Bought a viscous clear potion for 28 gold pieces
 28222 | Orc:2    | Bought a pair of runed boots for 240 gold pieces
 28448 | Swamp:1  | Entered Level 1 of the Swamp
 28533 | Swamp:1  | Identified the ring "Huxkango" {rPois Dex+6 SInv}
 29822 | Swamp:1  | Received a gift from Trog
 31353 | Swamp:2  | Noticed a thorn hunter
 31358 | Swamp:2  | Killed a thorn hunter
 31359 | Swamp:2  | Reached skill level 21 in Axes
 31811 | Swamp:2  | Acquired a +0 heavy broad axe
 32042 | D:13     | Bought a +0 buckler of protection for 149 gold pieces
 32819 | Swamp:2  | Reached skill level 1 in Maces & Flails
 33898 | Swamp:4  | Entered Level 4 of the Swamp
 33976 | Swamp:4  | Noticed Kirke
 33986 | Swamp:4  | Reached XP level 17. HP: 161/161 MP: 17/17
 33995 | Swamp:4  | Killed Kirke
 34879 | Swamp:4  | Received a gift from Trog
 35861 | Swamp:4  | HP: 3/161 [vampire knight/vampiric draining (21)]
 35895 | Swamp:4  | HP: 8/161 [will-o-the-wisp/foxfire (6)]
 36653 | Swamp:4  | HP: 6/241 [constriction (9)]
 36653 | Swamp:4  | Killed from afar by a thorn hunter

Illustrated notes

Levels and vault maps discovered:
D:1:      lemuel_arrival_cross, layout_basic,
          dreamdust_ecumenical_altar_angels_and_demons, serial_bayou_lagoon_a,
          minmay_misc_feat_enclosed
D:2:      layout_basic, kennysheep_boxes, uniq_sigmund
D:3:      layout_basic, reono_crystal_passage, uniq_robin, uniq_terence
D:4:      layout_loops_corners, jmf_multi_god_temple2, minmay_quantized,
          uniq_natasha, uniq_crazy_yiuf_cottage
D:5:      cheibrodos_barr_body, layout_gridville, old_standard_altar,
          minmay_temple_entry_overgrown, serial_bayou, serial_bayou_pond_e,
          serial_bayou_lake_a, serial_bayou_pond_e, serial_bayou_shore_b
D:6:      layout_rooms, minmay_misc_feat_x, minmay_misc_feat_square
D:7:      layout_basic, okawaru_trees_2
D:8:      layout_loops_ring, makhleb_blood_cavern_becter, lair_entry_dummy
D:9:      layout_roguey, minmay_sticks_and_stones
D:10:     layout_layer_cave, mainiacjoe_overflow_boulevard, serial_shops, shop,
          serial_glass, glass_columns_a, glass_columns_a, glass_columns_a,
          glass_columns_c, gammafunk_ghost_spectres, minmay_nine_imps,
          uniq_lodul
D:11:     old_forge, layout_loops_corners, portal_ice_cave_entry_pillars_2
D:12:     layout_cave_pods, gammafunk_ghost_mausoleum, gauntlet_entry_generic,
          xom_confusion_cloud
D:13:     layout_small_grid, nicolae_trove_entry_crossroad, serial_shops, shop,
          nicolae_stop_n_shop_2, shop, shop, kennysheep_mini,
          nicolae_tso_swordbearing_angel
D:14:     orc_temple, layout_irregular_city, david_vaults_1, nicolae_titane,
          minmay_fractal_squares_5, uniq_snorg, uniq_rupert
D:15:     grunt_enter_depths_magical_seal, layout_basic
Lair:1:   layout_regular_city, uniq_nergalle
Lair:2:   layout_hall_layers, grunt_forest_small_clearing_treed,
          grunt_megastairs_1, lemuel_fruit_tree, lemuel_fruit_fields,
          serial_bayou_shore_a, uniq_urug
Lair:3:   layout_loops_ring, swamp_mist, dummy_spider_entry, lemuel_fruit_fields
Lair:4:   layout_cave_pods, slime_entry_1, disabler_island
Lair:5:   minmay_lair_end_frog_pond, layout_misc_corridors
Swamp:1:  layout_basic_swamp, infiniplex_staircase_pool
Swamp:2:  nzn_winding_woodlands_medium [nzn_winding_woodlands_5x5_checkerboard,
          nzn_winding_woodlands_5x15_concentric,
          nzn_winding_woodlands_5x5_three, nzn_winding_woodlands_hourglass,
          nzn_winding_woodlands_center_garden,
          nzn_winding_woodlands_5x5_perimeter,
          nzn_winding_woodlands_5x5_closed_star,
          nzn_winding_woodlands_5x15_twine, nzn_winding_woodlands_5x5_default],
          layout_falls_marsh, evilmike_swamp_ruin_house_4, swamp_pool1
Swamp:3:  layout_basic_swamp, evilmike_swamp_ruin_house_3
Swamp:4:  byrel_swamp_growth_death_and_undeath, layout_basic_swamp, swamp_pool5,
          nicolae_swamp_round_clearing, uniq_kirke
Orc:1:    layout_diamond_mine, nicolae_orc_crystal_geode
Orc:2:    st_orc_ogre_mass, layout_diamond_mine, ebering_ghost_inner_flame,
          mines_bat_river

Skill      XL: |  1  2  3  4  5  6  7  8  9 10 11 12 13 14 15 16 17 |
---------------+----------------------------------------------------+-----
Axes           | 5 6 8 10 15 16 18 19 20 21 | 21.1
Fighting       | 4 5 6 9 10 13 17 | 17.3
Dodging        | 3 5 6 7 10 | 10.0
Shields        | 5 |  5.3
Throwing       | 6 9 10 12 14 | 14.4
Evocations     | 3 7 |  7.0
Maces & Flails | 3 4 |  4.4

Action                     |  1- 3 |  4- 6 |  7- 9 | 10-12 | 13-15 | 16-18 || total
---------------------------+-------+-------+-------+-------+-------+-------++-------
  Melee: Hand axe          |    81 |    15 |       |       |       |       ||    96
         Tailslap          |     8 |     6 |    18 |    65 |   157 |    96 ||   350
         War axe           |       |   100 |   200 |       |       |       ||   300
         Punch             |       |     2 |     4 |     1 |       |       ||     7
         Labrys            |       |       |       |   464 |    12 |       ||   476
         Battleaxe         |       |       |       |       |   654 |       ||   654
         Broad axe         |       |       |       |       |     9 |   270 ||   279
         Executioner's axe |       |       |       |       |   253 |   232 ||   485
         Eveningstar       |       |       |       |       |       |    33 ||    33
  Throw: Stone             |       |     3 |     5 |       |    22 |       ||    30
         Throwing net      |       |       |       |     1 |       |       ||     1
         Dart              |       |       |       |       |    16 |     5 ||    21
         Javelin           |       |       |       |       |       |    10 ||    10
 Invoke: Berserk           |     2 |     5 |     1 |    11 |    13 |    14 ||    46
         Trog's Hand       |       |     1 |       |     3 |     9 |    10 ||    23
         Brothers in Arms  |       |       |       |       |     1 |     4 ||     5
Ability: Breathe Lightning |       |       |       |     2 |     4 |     1 ||     7
  Evoke: Wand              |       |       |       |     1 |       |     3 ||     4
    Use: Scroll            |       |       |     6 |    21 |     8 |     4 ||    39
         Potion            |       |       |     1 |     2 |       |     9 ||    12
   Stab: Sleeping          |       |     2 |       |       |       |     1 ||     3
         Distracted        |       |     1 |       |       |       |       ||     1
         Held in net/web   |       |       |       |     1 |     1 |       ||     2
         Confused          |       |       |       |       |       |     1 ||     1
 Armour: Skin              |    20 |    40 |    71 |   120 |   300 |   347 ||   898
  Dodge: Dodged            |    42 |    73 |   111 |   205 |   540 |   507 ||  1478
  Block: Buckler           |       |       |       |    55 |     4 |   111 ||   170

Table legend: (Time is in decaauts)
 A = Elapsed time spent in this place.
 B = Non-inter-level travel time spent in this place.
 C = Inter-level travel time spent in this place.
 D = Time resting spent in this place.
 E = Time spent auto-exploring this place.
 F = Levels seen in this place.
 G = Mean time per level.
                   A        B        C        D        E       F      G
               +--------+--------+--------+--------+--------+-----+--------+
         Total |  36869 |  33396 |   3473 |   3249 |  25059 |  28 | 1316.8 |
       Dungeon |  19098 |  16917 |   2181 |   1517 |  12935 |  15 | 1273.2 |
          Lair |   7034 |   6186 |    848 |    299 |   4998 |   5 | 1406.8 |
         Swamp |   6896 |   6569 |    327 |    957 |   4640 |   4 | 1724.0 |
  Orcish Mines |   2125 |   2010 |    115 |     67 |   1495 |   2 | 1062.5 |
      Ice Cave |   1167 |   1167 |      0 |    341 |    630 |   1 | 1167.0 |
      Gauntlet |    546 |    546 |      0 |     66 |    360 |   1 |  546.0 |
               +--------+--------+--------+--------+--------+-----+--------+

Top non-repeatable levels by time:
 Swamp:2: 2361 daAuts
 Swamp:3: 2058 daAuts
    D:14: 1808 daAuts
    D:10: 1747 daAuts
  Lair:4: 1690 daAuts
  Lair:2: 1665 daAuts
    D:13: 1642 daAuts
    D:11: 1624 daAuts
    D:12: 1550 daAuts
  Lair:5: 1423 daAuts
 Swamp:1: 1408 daAuts
     D:8: 1343 daAuts
    D:15: 1316 daAuts
     D:9: 1297 daAuts
     D:4: 1293 daAuts
